Map: Moonlight Madness LE (Void)

Players

DestroyBoy

  • Race: Terran Terran
  • League: Platinum

Ladschn - Winner!

  • Race: Terran Terran
  • League: Platinum

VOD

Have the link to the VOD?

Description

Time

  • Played on: Aug. 18, 2015, 5:28 a.m.
  • Length: 18:40
Show
View Real Time Build Order
Export as new Build Order

DestroyBoy Terran 

Build Orders: 1/1/1, MMM Bio, Banshee Rush 

Get SALT Encoding   

  12  0:01  SCV  
  13  0:13  SCV  
  14  0:18  Supply Depot  
  14  0:25  SCV  
  15  0:31  Refinery  
  15  0:40  SCV  
  16  0:48  Barracks  
  16  0:52  SCV  
  17  1:04  SCV  
  18  1:16  SCV  
  19  1:28  SCV  
  20  1:35  Marine  
  20  1:38  Factory  
  21  1:41  Orbital Command  
  21  1:48  Refinery  
  21  1:56  Marine  
  22  2:08  SCV  
  23  2:14  Marine  
  23  2:20  Supply Depot  
  23  2:23  Factory Tech Lab  
  23  2:24  Starport  
  23  2:44  SCV, Marine  
  25  3:04  SCV  
  25  3:16  SCV  
  25  3:19  Widow Mine  
  28  3:25  Cloaking Field  
  28  3:26  Banshee  
  31  3:38  Supply Depot  
  31  3:39  Marine  
  31  3:40  SCV  
  33  3:49  Command Center  
  33  3:50  Engineering Bay  
  33  3:54  Factory Reactor  
  33  3:57  Barracks Tech Lab  
  33  4:00  Barracks  
  33  4:04  SCV  
  37  4:12  Raven  
  37  4:16  SCV  
  37  4:21  Missile Turret  
  37  4:23  Stimpack  
  37  4:24  Marine  
  38  4:30  Supply Depot  
  38  4:34  SCV  
  39  4:49  SCV  
  40  5:01  SCV  
  41  5:11  Marine x2  
  41  5:13  SCV  
  43  5:14  Marauder  
  43  5:16  Barracks  
  43  5:18  Factory Reactor  
  43  5:23  Barracks  
  43  5:24  Supply Depot  
  43  5:26  Orbital Command  
  43  5:28  Terran Infantry Weapons Level 1  
  43  5:35  Marine x2  
  45  5:43  SCV  
  45  5:48  Marauder  
  48  5:53  SCV  
  48  5:55  SCV, Marine x2  
  52  6:07  SCV, Marine  
  52  6:08  SCV  
  55  6:12  Marauder  
  55  6:15  Factory Reactor  
  55  6:16  Factory Tech Lab  
  57  6:19  SCV, Marine x3  
  57  6:20  Marine  
  57  6:24  Marine, Medivac  
  57  6:25  Supply Depot  
  65  6:26  Combat Shields  
  65  6:28  SCV  
  65  6:32  SCV  
  67  6:33  Marine  
  66  6:55  SCV x2  
  66  6:56  Marine  
  66  6:57  Marine x5  
  66  6:58  Siege Tank, Medivac  
  79  7:07  SCV x2  
  78  7:37  Marine x6  
  78  7:38  Medivac  
  78  7:43  Siege Tank  
  78  7:57  SCV x2, Marauder, Marine x5  
  84  8:07  Command Center  
  84  8:09  SCV x2  
  76  8:15  Marine x2  
  76  8:21  Marine x4  
  80  8:28  SCV x2  
  80  8:32  Marine x2  
  84  8:39  Marine x2  
  86  8:43  Supply Depot  
  86  8:44  Supply Depot  
  86  8:45  Supply Depot, Refinery x2  
  86  8:49  Missile Turret  
  86  8:58  Marine  
  86  9:04  Marine x2  
  86  9:05  SCV x2, Siege Tank  
  93  9:15  Marine x2  
  95  9:17  SCV x2, Marine x2  
  95  9:22  Marine  
  100  9:25  Marine  
  100  9:29  SCV x2  
  103  9:33  Marine  
  103  9:34  Marine  
  103  9:35  Marine x2  
  103  9:37  Siege Tank  
  110  9:40  Marine  
  100  10:07  SCV x2  
  102  10:16  Marine x4  
  102  10:17  Medivac, Siege Tank, Marine x2  
  102  10:19  SCV x2  
  102  10:20  Planetary Fortress  
  115  10:27  Refinery  
  115  10:31  SCV  
  115  10:32  SCV  
  115  10:34  Marine  
  117  10:48  Refinery  
  117  10:49  Refinery  
  117  10:55  Marine x6  
  117  10:56  Medivac  
  125  11:04  Siege Tank  
  118  11:13  Marine x3  
  117  11:22  Marine x3  
  114  11:27  Terran Infantry Armor Level 1  
  114  11:30  Armory, Marine, SCV x3  
  114  11:31  Marine x2  
  114  11:32  Engineering Bay  
  114  11:33  Medivac  
  114  11:36  Siege Tank  
  119  11:40  Marine x3  
  119  11:42  SCV  
  119  11:45  SCV x2  
  125  11:50  Supply Depot  
  125  11:51  Supply Depot x2  
  125  11:52  Supply Depot  
  125  11:57  Missile Turret  
  125  11:58  Command Center  
  125  12:09  Missile Turret  
  125  12:11  Medivac, Marine x3  
  125  12:12  Siege Tank, Marine x3  
  136  12:29  Marine x2  
  138  12:30  Marine x2  
  138  12:36  Marine x2  
  140  12:41  Medivac  
  140  12:44  Siege Tank  
  144  12:47  Marine x2  
  144  12:48  Marine  
  144  12:54  Marine x2  
  145  13:09  Marine x3  
  145  13:12  Marine  
  149  13:14  Marine  
  149  13:15  Medivac  
  114  14:03  Factory  
  114  14:04  Factory  
  114  14:06  Barracks x2  
  114  14:07  Barracks  
  114  14:10  Barracks  
  61  15:11  Factory Tech Lab x2  
  61  15:12  Barracks Reactor x2  
  61  15:14  Supply Depot x2, Barracks Reactor  
  42  15:15  Supply Depot, Barracks Reactor  
  42  15:17  Supply Depot  
  42  15:19  Supply Depot  
  42  15:24  SCV  
  43  15:36  SCV  
  36  15:48  SCV, Marine x4  
  29  15:57  Marine x3  
  29  15:58  Marine  
  29  16:00  SCV  
  34  16:06  Marine x4  
  38  16:12  SCV  
  38  16:14  Marine  
  38  16:15  Marine  
  38  16:16  Marine x2  
  43  16:24  Marine  
  44  16:40  Siege Tank  
  44  16:41  Siege Tank  
  44  16:42  Marine x2  
  52  16:49  SCV  
  54  16:55  Orbital Command  
  54  17:01  SCV  
  54  17:06  Marine x4  
  58  17:12  Marine x2  
  58  17:13  SCV  
  61  17:21  SCV  
  61  17:25  SCV  
  58  17:40  Marine x7  
  56  17:55  Marine  
  55  17:59  Marine  
  53  18:05  Marine  
  53  18:06  Siege Tank x2, Marine x3  
  53  18:08  SCV x2  
  65  18:15  Engineering Bay  
  65  18:18  Armory  
  65  18:26  SCV x2  
Show
View Real Time Build Order
Export as new Build Order

Ladschn Terran - Winner!

Build Orders: Reaper Expand, Mech, Siege Tank Drop 

Get SALT Encoding   

  12  0:01  SCV  
  13  0:13  SCV  
  14  0:17  Supply Depot  
  14  0:25  SCV  
  15  0:39  SCV  
  16  0:44  Barracks  
  16  0:46  Refinery  
  16  0:51  SCV  
  17  1:03  SCV  
  18  1:15  SCV  
  19  1:30  Orbital Command  
  19  1:31  Reaper  
  20  1:56  Supply Depot  
  20  1:57  SCV  
  20  1:58  Command Center  
  21  2:03  Marine  
  22  2:17  SCV  
  22  2:22  Factory  
  24  2:26  Refinery  
  24  2:32  SCV  
  24  2:36  Barracks Tech Lab  
  24  2:44  SCV  
  25  2:56  SCV  
  26  3:10  Factory Reactor  
  26  3:12  Starport  
  26  3:16  SCV, Engineering Bay  
  26  3:19  Orbital Command  
  26  3:24  Siege Tank  
  29  3:28  SCV  
  30  3:40  SCV  
  31  3:46  Missile Turret  
  31  3:47  Missile Turret  
  31  3:49  Viking  
  31  3:51  Missile Turret  
  31  3:52  SCV  
  31  3:53  SCV  
  35  3:55  Factory  
  35  4:02  Hellion  
  37  4:04  SCV, Barracks Reactor  
  37  4:06  SCV  
  39  4:16  SCV  
  40  4:18  SCV  
  40  4:19  Refinery  
  40  4:20  Refinery  
  40  4:23  Medivac  
  43  4:28  SCV, Hellion  
  46  4:34  Supply Depot  
  46  4:37  Supply Depot  
  46  4:42  SCV  
  46  4:44  SCV  
  46  4:56  SCV x2  
  48  5:08  SCV  
  48  5:09  SCV  
  52  5:15  Siege Tank  
  53  5:21  Viking  
  53  5:22  SCV x2  
  57  5:32  Armory x2  
  57  5:33  Hellion  
  59  5:38  Command Center  
  59  5:40  SCV x2  
  61  5:48  Supply Depot  
  61  5:52  SCV  
  62  6:00  Starport Reactor  
  62  6:09  SCV, Siege Tank  
  62  6:10  Hellion x2  
  70  6:12  Factory  
  70  6:14  Starport  
  70  6:18  Supply Depot  
  70  6:21  Supply Depot  
  70  6:39  SCV x2  
  72  6:43  Hellion x2, Viking, Siege Tank  
  72  6:44  Viking  
  83  6:51  SCV x2  
  83  7:06  SCV x2, Hellion x2  
  89  7:13  Viking x2  
  93  7:18  SCV  
  93  7:19  SCV  
  93  7:20  Factory Tech Lab, Starport Reactor  
  93  7:31  SCV  
  93  7:35  Hellion x2, Siege Tank  
  87  7:50  Orbital Command  
  69  7:52  Siege Tank  
  69  7:56  Hellion  
  69  7:57  Hellion  
  61  8:02  Viking x3  
  61  8:03  Viking  
  63  8:08  Hellion  
  61  8:16  SCV x2  
  61  8:18  Hellion x2  
  61  8:19  Orbital Command  
  67  8:24  Siege Tank  
  70  8:28  SCV x2  
  70  8:32  Terran Vehicle And Ship Armor Level 1, Terran Vehicle Weapons Level 1  
  72  8:40  SCV  
  73  8:43  SCV  
  73  8:46  Siege Tank  
  77  8:52  Hellbat  
  77  8:53  SCV  
  77  8:54  SCV  
  77  8:55  SCV  
  82  9:05  SCV  
  83  9:10  SCV x2  
  85  9:17  SCV  
  85  9:22  SCV x2, Siege Tank  
  85  9:23  Supply Depot, Hellion x2, Viking, Siege Tank  
  100  9:28  Supply Depot  
  100  9:29  SCV  
  100  9:30  Supply Depot  
  101  9:38  Supply Depot, Refinery  
  101  9:39  Refinery  
  101  9:40  SCV  
  101  9:45  SCV, Viking x2  
  78  10:12  Siege Tank  
  78  10:13  SCV, Hellion x3  
  78  10:14  SCV  
  87  10:23  Viking x4  
  87  10:27  SCV x3  
  97  10:34  Hellion  
  99  10:38  Liberator x2  
  99  10:39  SCV x2  
  101  10:43  Siege Tank  
  101  10:44  Hellion  
  101  10:45  Hellion  
  106  10:54  Liberator  
  106  10:56  Hellion  
  106  10:57  SCV x2  
  116  11:06  Siege Tank  
  116  11:10  Hellion  
  124  11:15  Siege Tank  
  116  11:35  SCV  
  117  11:44  SCV x2, Hellion, Siege Tank  
  124  11:54  SCV  
  124  11:56  SCV  
  124  11:57  Refinery  
  124  11:58  Terran Vehicle Weapons Level 2  
  126  12:01  Supply Depot  
  126  12:02  Supply Depot  
  126  12:04  Supply Depot  
  126  12:20  Hellion, Siege Tank  
  126  12:21  Hellion  
  133  12:23  Hellion  
  127  12:42  Hellion x2  
  109  12:51  Siege Tank  
  109  12:52  Hellion, Viking x3  
  101  13:03  Hellion x2  
  99  13:14  Hellion  
  82  13:36  Hellion  
  84  14:04  Siege Tank  
  84  14:05  Hellion  
  83  14:28  Hellion x2  
  84  14:49  Hellion  
  84  14:50  Hellion  
  85  15:01  Orbital Command  
  62  15:21  Viking x2  
  62  15:23  SCV  
  62  15:28  SCV  
  68  15:35  SCV  
  69  15:40  SCV  
  62  15:52  Siege Tank  
  62  15:53  Hellion x3, Viking x2  
  75  16:14  Hellion x2  
  75  16:17  Siege Tank  
  75  16:18  SCV x2  
  84  16:20  Refinery  
  84  16:21  Refinery  
  84  16:24  Siege Tank  
  87  16:30  SCV x2  
  89  16:36  Hellion x2  
  93  16:42  SCV x2  
  95  16:49  Siege Tank  
  96  16:57  Hellion x3  
  102  17:16  SCV x2  
  104  17:28  SCV  
  104  17:29  SCV  
  103  17:50  Siege Tank x2  
  103  17:51  Hellion x2  
  87  18:08  SCV x2  
  87  18:12  Hellion x2  
  93  18:20  SCV  
  96  18:35  Command Center  
Tags
 
Add a new tag
Caveats
  • Supply blocks, unpowered buildings, or Contaminate may cause inaccurate times.
  • Supply counts are checked every 10 seconds.